 Dungeon Crawl Stone Soup version 0.27-a0-732-ga892ba84f6 (webtiles) character file.

Game seed: 14301815055174319400

3694 lunkers the Fighter (level 10, -5/79 HPs)
             Began as a Djinni Earth Elementalist on Mar 24, 2021.
             Was an Initiate of Gozag.
             Shot with a sling bullet by Joseph (18 damage)
             ... on level 7 of the Dungeon.
             The game lasted 00:12:54 (10053 turns).

lunkers the Fighter (Djinni Earth Elementalist)    Turns: 10053, Time: 00:12:54

Health: -5/79      AC: 11    Str:  8    XL:     10   Next: 13%
Magic:  0/0        EV: 10    Int: 19    God:    Gozag
Gold:   714        SH:  0    Dex: 14    Spells: 3/27 levels left

rFire    + + +     SeeInvis .   b - staff of earth
rCold    x . .     Faith    .   (no shield)
rNeg     . . .     Spirit   .   w - +1 ring mail {rF+}
rPois    ∞         Reflect  .   (no helmet)
rElec    .         Harm     .   (no cloak)
rCorr    .         Rampage  .   f - +0 pair of gloves
Will     +....                  (boots unavailable)
Stlth    +.........             A - amulet of regeneration
HPRegen  1.23/turn              j - ring of protection from fire
MPRegen  0.00/turn              C - +4 ring of protection

@: flying, very slightly contaminated
A: fire resistance 2, cold vulnerability 1, float, innate caster, hp casting,
extra vitality 1
a: Renounce Religion, Potion Petition, Call Merchant, Bribe Branch


You were on level 7 of the Dungeon.
You worshipped Gozag.
Gozag was pleased with you.
You visited 2 branches of the dungeon, and saw 8 of its levels.
You also visited: Ossuary.

You collected 1285 gold pieces.
You spent 432 gold pieces at shops.
You paid 139 gold pieces to Gozag.

Inventory:

Hand Weapons
 a - a +4 dagger of flaming
 g - a +2 vampiric dagger
Missiles
 n - 140 stones
Armour
 c - a +0 robe
 f - a +0 pair of gloves (worn)
 w - a +1 ring mail of fire resistance (worn)
 y - the +2 robe of Music {rCorr Dex+3}
   (You took it off an orc wizard on level 5 of the Dungeon)

   It affects your dexterity (+3).
   It provides partial protection from all sources of acid and corrosion.
Magical Staves
 b - a staff of earth (weapon)
Jewellery
 j - a ring of protection from fire (right hand)
 A - an amulet of regeneration (around neck)
 C - a +4 ring of protection (left hand)
Wands
 B - a wand of flame (15)
Scrolls
 d - a scroll of fog {unknown}
 e - 4 scrolls of teleportation {unknown}
 h - a scroll of enchant weapon {unknown}
 k - a scroll of vulnerability {unknown}
 s - a scroll of torment {unknown}
 z - 3 scrolls of identify
 E - a scroll of holy word {unknown}
 F - a scroll of magic mapping {unknown}
Potions
 i - 3 potions of heal wounds
 l - a potion of cancellation
 m - a potion of invisibility {unknown}
 o - 6 potions of curing
 p - a potion of lignification {unknown}
 q - 2 potions of brilliance
 r - 2 potions of degeneration {unknown}
 t - a potion of might {unknown}
 u - a potion of haste {unknown}
 v - a potion of ambrosia {unknown}
 x - a potion of attraction {unknown}
 D - 2 potions of berserk rage {unknown}


   Skills:
 + Level 9.7 Fighting
 - Level 2.0 Short Blades
 - Level 2.1 Dodging
 - Level 1.5 Stealth
 + Level 9.0 Spellcasting


You had 3 spell levels left.
You knew the following spells:

 Your Spells              Type           Power      Damage    Failure   Level
a - Sandblast             Erth           100%       2d20      1%          1
b - Passwall              Tmut/Erth      49%        N/A       1%          2
c - Stone Arrow           Conj/Erth      100%       3d13      1%          3
d - Petrify               Tmut/Erth      59%        N/A       6%          4
e - Lee's Rapid Deconstr  Erth           29%        3d16*     17%         5
f - Animate Skeleton      Necr           84%        N/A       1%          1
g - Blink                 Tloc           N/A        N/A       1%          2
h - Summon Guardian Gole  Hex/Summ       42%        N/A       1%          3
i - Ignite Poison         Fire/Tmut/Pois 42%        N/A       1%          3
Your spell library was empty.

Dungeon Overview and Level Annotations

Branches:
Dungeon (7/15)             Temple (1/1) D:4         Ossuary (visited)

Altars:
Ashenzari
Cheibriados
Dithmenos
Elyvilon
Fedhas
Gozag
Hepliaklqana
Kikubaaqudgha
Makhleb
Nemelex Xobeh
Okawaru
Qazlal
Ru
Sif Muna
Trog
Uskayaw
Vehumet
Wu Jian
Xom
Yredelemnul
Zin
The Shining One

Shops:
D:1 =   D:7 ?

Annotations:
D:7 Joseph


Innate Abilities, Weirdness & Mutations

You are immune to poison.
Your flesh is very heat resistant. (rF++)
You are vulnerable to cold. (rC-)
You float through the air rather than walking.
You learn spells naturally, not from books.
Your magical power is your life essence.
You have superior vitality. (+4 HP)


Message History

Aiming: Stone Arrow (safe; 1% risk of failure)
Press: ? - help, Shift-Dir - straight line, f/p - Joseph
Aim: Joseph, wielding a +0 hunting sling, wearing a +0 leather armour, quivering sling bullets and carrying a wand of random effects (11) (moderately wounded, 22% to evade)
You feel a surge of power!
The stone arrow misses Joseph.
* * * LOW HITPOINT WARNING * * *
Joseph shouts, "I love to fight!
I love killing!"
Joseph shoots a sling bullet.
The sling bullet barely misses you.
Casting: Stone Arrow (safe; 1% risk of failure)
Confirm with . or Enter, or press ? or * to list all spells.
Aiming: Stone Arrow (safe; 1% risk of failure)
Press: ? - help, Shift-Dir - straight line, f/p - Joseph
Aim: Joseph, wielding a +0 hunting sling, wearing a +0 leather armour, quivering sling bullets and carrying a wand of random effects (11) (moderately wounded, 22% to evade)
You feel a surge of power!
The stone arrow hits Joseph!!
Joseph is severely wounded.
* * * LOW HITPOINT WARNING * * *
Joseph shoots a sling bullet.
The sling bullet hits you!
* * * LOW HITPOINT WARNING * * *
Okay, then.
Casting: Stone Arrow (safe; 1% risk of failure)
Confirm with . or Enter, or press ? or * to list all spells.
Aiming: Stone Arrow (safe; 1% risk of failure)
Press: ? - help, Shift-Dir - straight line, f/p - Joseph
Aim: Joseph, wielding a +0 hunting sling, wearing a +0 leather armour, quivering sling bullets and carrying a wand of random effects (11) (severely wounded, 22% to evade)
You feel a surge of power!
You miscast Stone Arrow.
You are very lightly contaminated with residual magic.
Nothing appears to happen.
* * * LOW HITPOINT WARNING * * *
Joseph shoots a sling bullet.
The sling bullet hits you!
* * * LOW HITPOINT WARNING * * *
Casting: Stone Arrow (safe; 1% risk of failure)
Confirm with . or Enter, or press ? or * to list all spells.
Aiming: Stone Arrow (safe; 1% risk of failure)
Press: ? - help, Shift-Dir - straight line, f/p - Joseph
Aim: Joseph, wielding a +0 hunting sling, wearing a +0 leather armour, quivering sling bullets and carrying a wand of random effects (11) (severely wounded, 22% to evade)
You feel a surge of power!
The stone arrow hits Joseph!
Joseph is almost dead.
* * * LOW HITPOINT WARNING * * *
Joseph shoots a sling bullet.
The sling bullet hits you!!
You die...
Your body crumbles into a pile of gold.

##.#..#.##..
#.#
##......##.
#.#$
##......## #.#
##......# #.#
##.#..#. #@#
###..... #.#
###.#..#.# #.#
###....#.###
#@#
###.#....###
#.#+#.#....###
###.#......###
#......#.###
#...#..### $
#...#### #....
#)... #####


You could see Joseph.

Vanquished Creatures
  Grinder (D:3)
  Sigmund (D:2)
  A steam dragon (D:7)
  2 ice beasts
  2 orc warriors
  2 sky beasts
  5 ogres
  3 centaurs
  A phantom (D:4)
  A bullfrog (D:7)
  2 elf zombies (D:4)
  An elf skeleton (D:4)
  5 killer bees (D:7)
  8 wights
  2 howler monkeys (D:4)
  A jelly (D:6)
  A human zombie (D:4)
  3 orc priests
  2 hounds
  An iguana (D:6)
  Jessica (D:2)
  A human skeleton (D:4)
  8 orc wizards
  7 worker ants
  8 mummies (Ossuary)
  A worker ant zombie (D:6)
  A howler monkey skeleton (D:7)
  7 adders
  2 shadow imps
  2 white imps
  2 ufetubi
  An adder skeleton (D:5)
  An adder zombie (D:4)
  2 worms
  21 orcs
  2 giant cockroaches
  7 goblins
  6 hobgoblins
  5 jackals
  3 kobolds (D:2)
  11 oozes
  6 quokkas
  3 ball pythons
  7 bats
  3 frilled lizards
  4 gnoll zombies
  4 kobold zombies (Ossuary)
  An orc skeleton (D:4)
  2 orc zombies (Ossuary)
  3 quokka zombies
  3 rats
180 creatures vanquished.

Vanquished Creatures (others)
  10 plants (D:4)
10 creatures vanquished.

Grand Total: 190 creatures vanquished

Notes
Turn   | Place    | Note
-------+----------+-------------------------------------------
     0 | D:1      | lunkers the Djinni Earth Elementalist began the quest for
                  | the Orb.
     0 | D:1      | Reached XP level 1. HP: 15/15 MP: 0/0
   419 | D:1      | Reached XP level 2. HP: 21/21 MP: 0/0
   848 | D:1      | Found Rulannirph's Jewellery Boutique.
  1375 | D:2      | Reached XP level 3. HP: 26/26 MP: 0/0
  1375 | D:2      | Learned a level 1 spell: Animate Skeleton
  1445 | D:2      | Reached skill level 1 in Short Blades
  1568 | D:2      | Noticed Sigmund
  1575 | D:2      | Killed Sigmund
  1576 | D:2      | Reached XP level 4. HP: 29/34 MP: 0/0
  1576 | D:2      | Reached XP level 5. HP: 34/39 MP: 0/0
  1576 | D:2      | Learned a level 2 spell: Blink
  2223 | D:2      | Noticed Jessica
  2231 | D:2      | Killed Jessica
  2232 | D:2      | Reached XP level 6. HP: 45/46 MP: 0/0
  2642 | D:3      | Noticed Grinder
  2647 | D:3      | Killed Grinder
  2648 | D:3      | Reached XP level 7. HP: 39/52 MP: 0/0
  2648 | D:3      | Learned a level 3 spell: Summon Guardian Golem
  3162 | D:3      | Reached skill level 5 in Spellcasting
  3653 | D:4      | Found a sand-covered staircase.
  3657 | D:4      | Reached skill level 5 in Fighting
  3755 | Ossuary  | Entered an ossuary
  4349 | D:4      | Reached XP level 8. HP: 48/60 MP: 0/0
  4635 | D:4      | Found a staircase to the Ecumenical Temple.
  4669 | Temple   | Entered the Ecumenical Temple
  4877 | Temple   | Became a worshipper of Gozag Ym Sagoz the Greedy
  5253 | D:4      | Found an ancient bone altar of Kikubaaqudgha.
  5353 | D:4      | Found an iron altar of Okawaru.
  5669 | D:4      | Found a basalt altar of Yredelemnul.
  5902 | D:4      | Found a sparkling altar of Nemelex Xobeh.
  5902 | D:4      | Found a shadowy altar of Dithmenos.
  5958 | D:5      | Entered Level 5 of the Dungeon
  6449 | D:5      | Reached XP level 9. HP: 49/68 MP: 0/0
  6449 | D:5      | Learned a level 3 spell: Ignite Poison
  6989 | D:5      | Identified the +2 robe of Music {rCorr Dex+3}
  9207 | D:7      | Found Paas's Magic Scroll Shoppe.
  9455 | D:1      | Bought a +4 ring of protection for 432 gold pieces
  9667 | D:7      | Reached XP level 10. HP: 68/78 MP: 0/0
 10045 | D:7      | Noticed Joseph
 10053 | D:7      | Shot with a sling bullet by Joseph

Illustrated notes

Levels and vault maps discovered:
D:1:      dpeg_arrival_arbitrary_c, layout_loops_ring, serial_shops,
          nicolae_shop_waterfront
D:2:      layout_loops_ring, uniq_sigmund, uniq_jessica
D:3:      layout_loops_cross, uniq_grinder
D:4:      layout_loops_ring, nicolae_kikubaaqudgha_miasma_corner,
          lemuel_zombie_altar_yredelemnul, gammafunk_temple_overflow_elements,
          general_overflow_altar, minmay_temple_entry_junction,
          nicolae_ossuary_entry_catacombs, serial_bayou_pond_b,
          solitary_fountain
D:5:      layout_rooms
D:6:      layout_layer_cave
D:7:      minmay_razor_zed, layout_loops_cross, serial_shops,
          nicolae_shop_competitors_out_of_business, uniq_joseph
Temple:   bh_familiar_temple

Skill      XL: |  1  2  3  4  5  6  7  8  9 10 |
---------------+-------------------------------+-----
Spellcasting   | 3 4 5 7 8 9 |  9.0
Short Blades   | 2 |  2.0
Fighting       | 2 3 4 5 7 9 |  9.7
Dodging        | |  2.1
Stealth        | |  1.5

Action                   |  1- 3 |  4- 6 |  7- 9 | 10-12 || total
-------------------------+-------+-------+-------+-------++-------
Melee: Dagger            |    60 |    48 |       |       ||   108
       Unarmed           |     4 |       |       |       ||     4
       Staff             |       |       |    11 |       ||    11
 Cast: Sandblast         |     7 |     1 |       |       ||     8
       Stone Arrow       |       |     4 |   193 |    24 ||   221
  Use: Scroll            |       |       |     6 |       ||     6
 Stab: Sleeping          |       |     2 |       |       ||     2
Armor: Robe              |     8 |     4 |       |       ||    12
       Ring mail         |       |       |     4 |     2 ||     6
Dodge: Dodged            |    33 |    36 |    29 |     4 ||   102

Table legend: (Time is in decaauts)
 A = Elapsed time spent in this place.
 B = Non-inter-level travel time spent in this place.
 C = Inter-level travel time spent in this place.
 D = Time resting spent in this place.
 E = Time spent auto-exploring this place.
 F = Levels seen in this place.
 G = Mean time per level.
                   A        B        C        D        E       F      G
               +--------+--------+--------+--------+--------+-----+--------+
         Total |  10052 |   9535 |    517 |    758 |   7814 |   9 | 1116.9 |
       Dungeon |   9242 |   8766 |    476 |    758 |   7160 |   7 | 1320.3 |
        Temple |    222 |    182 |     40 |      0 |    173 |   1 |  222.0 |
       Ossuary |    587 |    587 |      0 |      0 |    481 |   1 |  587.0 |
               +--------+--------+--------+--------+--------+-----+--------+

Top non-repeatable levels by time:
     D:4: 1906 daAuts
     D:6: 1750 daAuts
     D:1: 1396 daAuts
     D:5: 1314 daAuts
     D:2: 1227 daAuts
     D:3: 911 daAuts
     D:7: 735 daAuts
 Ossuary: 587 daAuts
  Temple: 222 daAuts
